AoeStats
← [HOBO]Drifter

Lombardia

509775286Analyzed
4v4 RM · 5d ago on Sep 28, 2026· 43m 29s· 8 players
Game mode
Random Map
Map size
Large (8 player)
Population
200
Speed
Normal
Resources
Standard
Victory
Conquest
Starting age
Dark Age
Ending age
Imperial Age
RankedLock teamsTeams togetherTeam positionsShared explorationLock speedFull tech treeHidden civsTurbo modeCheats
Victory
Defeat
🇪🇨 Persians · Ecuador
1370
+13
🇺🇸 Bulgarians · United States
1363
+13
🇲🇽 Romans · Mexico
1357
+13
🇺🇸 Bohemians · United States
1253
+17
🇵🇦 Mongols · Panama
1338
-16
🇫🇷 Cumans · France
1301
-14
🇺🇸 Portuguese · United States
1272
-13
🇺🇸 Malians · United States
1255
-13
Bensun
10:53 Feudal Age
14:53 Castle Age
15:29 Scale Barding Armor
17:06 Chain Barding Armor
17:00 Horse Collar
29:12 Forging
29:04 Husbandry
30:19 Wheelbarrow
29:34 Double-Bit Axe
33:28 Bloodlines
35:12 Hand Cart
36:28 Iron Casting
36:19 Loom
42:15 Heavy Plow
42:07 Gold Mining
talaria
7:01 Loom
9:41 Feudal Age
10:44 Double-Bit Axe
14:59 Fletching
15:14 Horse Collar
18:13 Gold Mining
22:59 Castle Age
23:27 Wheelbarrow
22:54 Padded Archer Armor
23:04 Crossbowman
23:50 Thumb Ring
24:55 Bodkin Arrow
26:13 Heavy Plow
28:59 Hand Cart
29:41 Town Watch
41:14 Imperial Age
38:44 Town Patrol
41:50 Bow Saw
41:56 Bracer
42:12 Leather Archer Armor
41:41 Arbalester
Sahraoui
7:59 Loom
10:48 Feudal Age
12:02 Double-Bit Axe
Xerg
6:36 Loom
8:58 Feudal Age
9:26 Double-Bit Axe
27:07 Castle Age
30:59 Bow Saw
34:10 Imperial Age
32:43 Gold Mining
34:32 Gold Shaft Mining
35:31 Onager
38:03 Chemistry
40:40 Drill
40:41 Conscription
[CL] LocoMontti
5:14 Loom
9:30 Feudal Age
10:08 Double-Bit Axe
10:36 Horse Collar
18:13 Bloodlines
18:10 Scale Barding Armor
19:07 Forging
21:37 Wheelbarrow
24:29 Castle Age
25:58 Chain Barding Armor
26:13 Iron Casting
26:24 Gold Mining
27:37 Bow Saw
28:43 Hand Cart
28:40 Husbandry
31:52 Scale Mail Armor
31:15 Pikeman
31:55 Squires
31:41 Gambesons
40:07 Imperial Age
40:29 Town Watch
40:10 Cavalier
41:26 Plate Barding Armor
41:51 Blast Furnace
[HOBO]Drifter
7:14 Loom
11:18 Feudal Age
12:24 Double-Bit Axe
13:47 Horse Collar
17:24 Wheelbarrow
19:54 Castle Age
20:56 Bow Saw
21:24 Heavy Plow
24:00 Chemistry
24:46 Hand Cart
31:47 Imperial Age
30:26 Pikeman
34:01 Two-Man Saw
34:47 Conscription
34:33 Elite Hussite Wagon
37:53 Halberdier
38:56 Houfnice
41:13 Scale Mail Armor
41:24 Forging
41:52 Wagenburg Tactics
42:34 Chain Mail Armor
42:55 Iron Casting
Leobossy
3:40 Loom
31:51 Feudal Age
32:30 Horse Collar
32:53 Double-Bit Axe
35:34 Castle Age
33:56 Fletching
35:31 Elite Skirmisher
36:13 Bodkin Arrow
37:02 Bow Saw
38:04 Padded Archer Armor
38:43 Heavy Plow
39:32 Leather Archer Armor
42:51 Wheelbarrow
43:51 Ballistics
Kanon
6:56 Loom
8:58 Feudal Age
10:21 Man-at-Arms
11:24 Scale Mail Armor
20:38 Forging
29:37 Castle Age
27:48 Gold Mining
28:52 Double-Bit Axe
30:33 Chain Mail Armor
29:49 Long Swordsman
30:30 Squires
31:57 Iron Casting
33:33 Horse Collar
36:51 Pikeman
Connection lost

Rejoining the realm…

Still unreachable

The connection could not be restored.

Session expired

The server has moved on; the page needs a fresh start.